 Dungeon Crawl Stone Soup version 0.29-a0-962-gc8bbfd0a37 (webtiles) character file.

Game seed: 4497526915792815800

67961 concernfroge the Impaler (level 14, 0/110 HPs)
             Began as a Mummy Monk on July 30, 2022.
             Was an Elder of Okawaru.
             Slain by Rupert
             ... wielding a +0 triple sword of holy wrath
              (3 damage)
             ... on level 13 of the Dungeon.
             The game lasted 01:28:13 (17680 turns).

concernfroge the Impaler (Mummy Monk)              Turns: 17680, Time: 01:28:14

Health: 0/110      AC: 26    Str: 19    XL:     14   Next: 84%
Magic:  20/20      EV:  9    Int: 14    God:    Okawaru [****..]
Gold:   1280       SH:  5    Dex: 15    Spells: 13/13 levels left

rFire   + . .      SeeInvis +   a - +6 bardiche (freeze)
rCold   + + +      Faith    .   (shield currently unavailable)
rNeg    + + +      Spirit   .   p - +2 plate armour {rC+}
rPois   ∞          Reflect  +   t - +2 helmet
rElec   .          Harm     .   w - scarf {rC+ rF+}
rCorr   .          Rampage  .   v - +1 pair of gloves of Mipoepto {Regen+ Int+5}
Will    +....                   k - +0 pair of boots
Stlth   ..........              j - amulet of reflection
HPRegen 1.08/turn               h - ring of see invisible
MPRegen 0.17/turn               d - ring of Wadwiux {rF+ AC+4}

@: silenced
A: cold resistance 1, negative energy resistance 3, torment resistance 2, heat
vulnerability 1, in touch with death 2, no potions
a: Renounce Religion


You were on level 13 of the Dungeon.
You worshipped Okawaru.
Okawaru was greatly pleased with you.
You visited 3 branches of the dungeon, and saw 19 of its levels.
You also visited: Ossuary, Ice Cave and Volcano.

You collected 1615 gold pieces.
You spent 335 gold pieces at shops.

Inventory:

Hand Weapons
 a - a +6 bardiche of freezing (weapon)
 b - a +4 scythe of flaming
 C - the +2 Maxwell's thermic engine {flame, freeze}
   (You found it in an ice cave)

   It burns those it strikes, dealing additional fire damage.
   Big, fiery blades are also staple armaments of hydra-hunters.
   It freezes those it strikes, dealing additional cold damage.
   It can also slow down cold-blooded creatures.
   It becomes more effective when it hits something.
   This effect fades over time.
Missiles
 l - 26 poisoned darts (quivered)
 D - 2 throwing nets
 J - a curare-tipped dart
Armour
 g - a +0 kite shield of cold resistance
 k - a +0 pair of boots (worn)
 p - a +2 plate armour of cold resistance (worn)
 t - a +2 helmet (worn)
 v - the +1 pair of gloves of Mipoepto (worn) {Regen+ Int+5}
   (You found it on level 6 of the Dungeon)

   Int:       It affects your intelligence (+5).
   Regen:     It increases your rate of health regeneration.
 w - a scarf of resistance (worn)
 y - a +2 cloak
Jewellery
 d - the ring of Wadwiux (right hand) {rF+ AC+4}
   (You acquired it on level 3 of the Dungeon)

   [ring of protection]

   AC:        It affects your AC (+4).
   rF:        It protects you from fire.
 e - an amulet of the acrobat
 h - a ring of see invisible (left hand)
 j - an amulet of reflection (around neck)
 u - a +6 ring of strength
 E - a +4 ring of protection
 K - a ring of flight
 M - a ring of protection from fire
 N - the ring "Cetzeele" {Fly rElec Str+4 Dex+7 Stlth+}
   (You found it in an ice cave)

   [ring of flight]

   Str:       It affects your strength (+4).
   Dex:       It affects your dexterity (+7).
   rElec:     It insulates you from electricity.
   Fly:       It grants you flight.
   Stlth:     It makes you more stealthy.
 O - an amulet of faith
Wands
 r - a wand of polymorph (8)
 z - a wand of flame (41)
 A - a wand of light (6)
 I - a wand of mindburst (15)
Scrolls
 c - 3 scrolls of acquirement
 f - a scroll of fog
 i - 3 scrolls of teleportation
 m - 3 scrolls of brand weapon
 n - 3 scrolls of magic mapping
 o - 3 scrolls of noise
 q - 3 scrolls of silence
 s - 2 scrolls of poison
 x - 3 scrolls of vulnerability
 B - a scroll of amnesia
 F - a scroll of enchant armour
 G - a scroll of torment
 H - a scroll of fear
 L - a scroll of summoning
 P - 2 scrolls of blinking


   Skills:
 - Level 10.0 Fighting
 - Level 16.0 Polearms
 + Level 7.4 Armour
 - Level 10.0 Dodging
 - Level 1.5 Stealth
 - Level 8.0 Invocations


You had 13 spell levels left.
You didn't know any spells.
Your spell library contained the following spells:

 Spells                   Type           Power      Damage    Failure   Level
 Freeze                   Ice            0%         1d3       100%        1
 Shock                    Conj/Air       0%         1d3       100%        1
 Ensorcelled Hibernation  Hex/Ice        0%         N/A       100%        2
 Passwall                 Tmut/Erth      0%         N/A       100%        2
 Static Discharge         Conj/Air       0%         3-3/arc   100%        2
 Frozen Ramparts          Ice            0%         1d2       100%        3
 Gell's Gravitas          Tloc           0%         N/A       100%        3
 Ozocubu's Armour         Ice            0%         N/A       100%        3
 Swiftness                Air            0%         N/A       100%        3
 Teleport Other           Tloc           0%         N/A       100%        3
 Airstrike                Air            0%         0-1+      100%        4
 Hailstorm                Conj/Ice       0%         3d3       100%        4
 Olgreb's Toxic Radiance  Pois           0%         N/A       100%        4
 Lightning Bolt           Conj/Air       0%         1d11      100%        5
 Metabolic Englaciation   Hex/Ice        0%         N/A       100%        5
 Dispersal                Tloc           0%         N/A       100%        6
 Eringya's Noxious Bog    Tmut/Pois      0%         N/A       100%        6
 Ozocubu's Refrigeration  Ice            0%         4d5       100%        7
 Ignition                 Fire           0%         3d3       100%        8
 Simulacrum               Ice/Necr       Unusable   N/A       N/A         6

Dungeon Overview and Level Annotations

Branches:
Dungeon (13/15)            Temple (1/1) D:7            Lair (5/5) D:8
 Shoals (0/4) Lair:3        Snake (0/4) Lair:3        Slime (0/5) Lair:4
    Orc (0/2) D:12        Ossuary (visited)           IceCv (visited)
Volcano (visited)
 Vaults: D:13-14

Altars:
Ashenzari
Cheibriados
Dithmenos
Fedhas
Gozag
Hepliaklqana
Kikubaaqudgha
Makhleb
Nemelex Xobeh
Okawaru
Qazlal
Ru
Sif Muna
Trog
Uskayaw
Vehumet
Wu Jian
Xom
Yredelemnul
Jiyva

Shops:
D:4 *   D:8 :

Annotations:
D:3 Grinder, Robin
D:13 Rupert
Lair:4 exclusion: oklob plant


Innate Abilities, Weirdness & Mutations

You are immune to poison.
Your flesh is cold resistant. (rC+)
You are immune to negative energy. (rN+++)
You are immune to unholy pain and torment.
You are vulnerable to heat. (rF-)
You are strongly in touch with the powers of death.
You do not drink.


Message History

The flame cauterises the wound!
You hit the three-headed hydra. You burn the three-headed hydra.
The three-headed hydra is heavily wounded.
You hack one of the three-headed hydra's heads off!
The flame cauterises the wound!
You slash the two-headed hydra! You burn the two-headed hydra.
The two-headed hydra is severely wounded.
The two-headed hydra bites you but does no damage. x2
You hack one of the two-headed hydra's heads off!
The flame cauterises the wound!
You slash the one-headed hydra! You burn the one-headed hydra.
The one-headed hydra is almost dead.
The one-headed hydra bites you but does no damage.
You lop the one-headed hydra's last head off!
You kill the one-headed hydra!
Okawaru accepts your kill.
Rupert the Wild comes into view.
He is wielding a +0 triple sword of holy wrath and wearing a +3 leather armour of positive energy.
Your +4 scythe of flaming stops flaming.
Your +6 bardiche of freezing glows with a cold blue light!
a - a +6 bardiche of freezing (weapon)
Rupert shouts!
As you read the scroll of silence, it crumbles to dust.
A profound silence engulfs you.
Okay, then.
You slice Rupert!! You freeze Rupert!
Rupert is heavily wounded.
Rupert flies into a rage!
Rupert goes berserk!
You hit Rupert but do no damage.
Rupert is heavily wounded.
Rupert hits you with a +0 triple sword of holy wrath!
You convulse!
Rupert hits you with a +0 triple sword of holy wrath!!!
You convulse!!!
* * * LOW HITPOINT WARNING * * *
Magic scrolls do not work when you're silenced!
You slash Rupert! You freeze Rupert.
Rupert is heavily wounded.
Rupert hits you with a +0 triple sword of holy wrath.
You die...

## #.#..# ### #. ####
##...###.# #.##..#
#....##.# ##.....#
#....#..# ###......##
##.....###
..........###........#
.###.................
#@..#...###.......
#@.##...# #.......
#†.###..####..#####
...####.####...## #
....# #..###.....##
...... ##..##.......##
#.##..
#.............## #
#...................#
........[.......##...
...............###..


You could see Rupert (berserk).

Vanquished Creatures
  Gastronok (Lair:1)
  An azure jelly (IceCv)
  2 quicksilver oozes (IceCv)
  A fire dragon (Lair:5)
  Josephine (D:11)
  12 hydras
  Harold (Lair:1)
  A catoblepas (Lair:5)
  3 centaur warriors
  An ogre mage (Volcano)
  3 death yaks (Lair:5)
  6 two-headed ogres
  A swamp dragon (Lair:5)
  Pikel (D:5)
  A deep elf pyromancer (D:13)
  4 lindwurms (Lair:5)
  An oklob plant (Lair:4)
  3 manticores
  A cyclops (D:13)
  5 black mambas
  Maurice (D:9)
  16 elephants
  2 ice statues (IceCv)
  Joseph (D:7)
  A torpor snail (Lair:5)
  7 cane toads
  2 kobold demonologists
  6 rime drakes
  Psyche (D:9)
  2 unseen horrors
  4 komodo dragons
  5 trolls
  An entropy weaver simulacrum (IceCv)
  A polar bear (Lair:5)
  A hornet (Lair:1)
  21 slime creatures
  2 dream sheep (Lair:5)
  16 blink frogs
  Sigmund (D:5)
  7 wraiths
  3 wyverns
  2 shadows
  39 yaks
  2 humans (D:9)
  7 basilisks
  Grum (Lair:1)
  3 steam dragons
  10 vampire mosquitoes
  A naga (Lair:3)
  A demonic crawler simulacrum (IceCv)
  9 water moccasins
  5 swamp drakes (Lair:5)
  5 orc warriors
  2 sky beasts (D:6)
  3 ice beasts (D:7)
  4 ugly thing simulacra (IceCv)
  2 black bears
  2 centaurs
  An ogre (D:4)
  6 wolves
  A kobold brigand (D:10)
  13 bullfrogs
  2 scorpions
  4 glowing shapeshifter simulacra (IceCv)
  A necrophage (D:6)
  10 wights (D:9)
  24 killer bees
  9 howler monkeys
  3 bullfrog zombies (Ossuary)
  A centaur zombie (Ossuary)
  A gnoll bouda (D:3)
  8 jellies
  5 orc priests
  Crazy Yiuf (D:7)
  12 iguanas
  2 scorpion zombies (Ossuary)
  9 orc wizards
  An ogre zombie (Ossuary)
  A mummy (Ossuary)
  7 gnolls
  11 adders
  2 shadow imps
  2 white imps
  4 adder zombies (Ossuary)
  2 worms
  A dart slug (D:5)
  39 orcs
  17 endoplasms
  4 giant cockroaches
  16 goblins
  6 hobgoblins
  3 quokkas
  8 ball pythons
  7 bats
  4 frilled lizards (D:1)
  3 gnoll zombies (Ossuary)
  A goblin zombie (Ossuary)
  2 hobgoblin zombies (Ossuary)
  13 kobolds
  3 orc zombies (Ossuary)
  4 rats
523 creatures vanquished.

Vanquished Creatures (others)
  A glowing shapeshifter simulacrum (IceCv)
  35 fungi
  59 plants
95 creatures vanquished.

Grand Total: 618 creatures vanquished

Notes
Turn   | Place    | Note
-------+----------+-------------------------------------------
     0 | D:1      | concernfroge the Mummy Monk began the quest for the Orb.
     0 | D:1      | Reached XP level 1. HP: 18/18 MP: 1/1
   485 | D:1      | Reached XP level 2. HP: 24/24 MP: 2/2
   862 | D:1      | Found a faded altar of an unknown god.
  1207 | D:2      | Gained mutation: You are in touch with the powers of death.
                  | [Mummy growth]
  1207 | D:2      | Reached XP level 3. HP: 27/30 MP: 3/3
  1397 | D:2      | Found an iron altar of Okawaru.
  1406 | D:2      | Became a worshipper of Warmaster Okawaru
  1406 | D:2      | Reached * piety under Okawaru
  1406 | D:2      | Reached ** piety under Okawaru
  1926 | D:3      | Reached skill level 1 in Invocations
  1926 | D:3      | Reached XP level 4. HP: 30/38 MP: 4/4
  1993 | D:3      | Noticed Grinder
  2000 | D:3      | Paralysed by Grinder for 4 turns
  2095 | D:3      | Reached skill level 5 in Fighting
  2390 | D:3      | Reached XP level 5. HP: 20/45 MP: 2/5
  2708 | D:3      | Noticed Robin
  2722 | D:3      | Paralysed by Grinder for 4 turns
  2819 | D:4      | Found a sparkling altar of Nemelex Xobeh.
  2948 | D:4      | Noticed an ogre
  3171 | D:3      | Identified 2 scrolls of acquirement
  3172 | D:3      | Acquired the ring of Wadwiux {rF+ AC+4}
  3519 | D:3      | Found an opulent altar of Gozag.
  3581 | D:4      | Found Woutzal's General Store.
  3877 | D:4      | Killed an ogre
  3878 | D:4      | Reached XP level 6. HP: 55/55 MP: 6/6
  4008 | D:5      | Entered Level 5 of the Dungeon
  4230 | D:5      | Noticed Sigmund
  4239 | D:5      | Killed Sigmund
  4240 | D:5      | Reached XP level 7. HP: 63/63 MP: 7/7
  4397 | D:5      | Reached *** piety under Okawaru
  4639 | D:5      | Noticed Pikel
  4651 | D:5      | Killed Pikel
  4651 | D:5      | Reached **** piety under Okawaru
  4652 | D:5      | Reached skill level 10 in Fighting
  4652 | D:5      | Reached skill level 3 in Polearms
  4652 | D:5      | Reached XP level 8. HP: 69/72 MP: 8/8
  5045 | D:6      | Reached skill level 4 in Polearms
  5119 | D:6      | Reached skill level 5 in Polearms
  5429 | D:6      | Identified the +1 pair of gloves of Mipoepto {Regen+ Int+5}
  5546 | D:4      | Bought a wand of digging (5) for 231 gold pieces
  5546 | D:4      | Bought a scroll of enchant weapon for 82 gold pieces
  5609 | D:7      | Found a sand-covered staircase.
  5614 | Ossuary  | Entered an ossuary
  5689 | Ossuary  | Reached XP level 9. HP: 78/78 MP: 11/11
  5752 | Ossuary  | Noticed a silent spectre
  5786 | D:7      | Noticed Joseph
  5798 | D:7      | Killed Joseph
  5799 | D:7      | Reached skill level 6 in Polearms
  5882 | D:7      | Found a staircase to the Ecumenical Temple.
  5909 | Temple   | Entered the Ecumenical Temple
  5909 | Temple   | Found a transporter.
  5909 | Temple   | Found a transporter.
  5911 | Temple   | Found a transporter.
  5911 | Temple   | Found a transporter.
  6005 | D:7      | Reached skill level 5 in Invocations
  6058 | D:7      | Killed an unseen horror
  6059 | D:7      | Reached skill level 7 in Polearms
  6342 | D:7      | Found a runed translucent door.
  6343 | D:7      | Noticed Crazy Yiuf
  6349 | D:7      | Killed Crazy Yiuf
  6476 | D:4      | Bought a scroll of identify for 22 gold pieces
  6554 | D:8      | Noticed a two-headed ogre
  6566 | D:8      | Killed a two-headed ogre
  6566 | D:8      | Reached ***** piety under Okawaru
  6567 | D:8      | Reached XP level 10. HP: 66/85 MP: 14/14
  6592 | D:8      | Found a staircase to the Lair.
  6756 | D:8      | Found Cefit's Book Emporium.
  6781 | D:8      | Noticed a two-headed ogre
  6793 | D:8      | Killed a two-headed ogre
  6794 | D:8      | Reached skill level 8 in Polearms
  7672 | Lair:1   | Entered Level 1 of the Lair of Beasts
  7710 | Lair:1   | Noticed Harold
  7716 | Lair:1   | Noticed an elephant
  7716 | Lair:1   | Noticed an elephant
  7717 | Lair:1   | Noticed an elephant
  7719 | Lair:1   | Noticed an elephant
  7723 | Lair:1   | Noticed a five-headed hydra
  7728 | Lair:1   | Killed a one-headed hydra
  7735 | Lair:1   | Reached skill level 9 in Polearms
  7815 | Lair:1   | Noticed an eight-headed hydra
  7823 | Lair:1   | Killed a five-headed hydra
  7913 | Lair:1   | Got the Verses on Virous Air
  7958 | Lair:1   | Found a dark tunnel.
  7964 | Volcano  | Entered a volcano
  7988 | Volcano  | Noticed a two-headed ogre
  7988 | Volcano  | Noticed a two-headed ogre
  7988 | Volcano  | Noticed an ogre mage
  7992 | Volcano  | Killed a two-headed ogre
  7992 | Volcano  | Killed a two-headed ogre
  7992 | Volcano  | Paralysed by an ogre mage for 3 turns
  7993 | Volcano  | Reached skill level 10 in Polearms
  7993 | Volcano  | Reached XP level 11. HP: 65/90 MP: 17/17
  7993 | Volcano  | Killed an ogre mage
  7993 | Volcano  | Received a gift from Okawaru
  8069 | Volcano  | Noticed a two-headed ogre
  8069 | Volcano  | Noticed a two-headed ogre
  8069 | Volcano  | Noticed a red draconian
  8095 | Volcano  | Killed a two-headed ogre
  8188 | Lair:1   | Noticed Gastronok
  8203 | Lair:1   | Killed Gastronok
  8204 | Lair:1   | Reached skill level 11 in Polearms
  8344 | Lair:1   | Reached skill level 12 in Polearms
  8406 | Lair:1   | Received a gift from Okawaru
  8476 | Lair:1   | Killed Harold
  8596 | Lair:1   | Reached XP level 12. HP: 97/97 MP: 16/18
  8612 | Lair:1   | Reached skill level 13 in Polearms
  8866 | Lair:1   | Noticed Grum
  8883 | Lair:1   | Killed Grum
 10200 | Lair:3   | Received a gift from Okawaru
 10201 | Lair:3   | Reached skill level 14 in Polearms
 10362 | Lair:3   | Found a staircase to the Snake Pit.
 10473 | Lair:3   | Found a staircase to the Shoals.
 10474 | Lair:3   | Noticed a five-headed hydra
 10480 | Lair:3   | Killed a two-headed hydra
 10878 | Lair:4   | Noticed a six-headed hydra
 10878 | Lair:4   | Found the +1 robe of Vines {NoPotionHeal Regen++++}
 10886 | Lair:4   | Killed a two-headed hydra
 10892 | Lair:4   | Noticed a seven-headed hydra
 10892 | Lair:4   | Noticed a seven-headed hydra
 11016 | Lair:4   | Reached skill level 15 in Polearms
 11232 | Lair:4   | Gained mutation: You are strongly in touch with the powers
                  | of death. [Mummy growth]
 11232 | Lair:4   | Reached XP level 13. HP: 91/103 MP: 17/19
 11300 | Lair:4   | Reached ****** piety under Okawaru
 11346 | Lair:4   | Received a gift from Okawaru
 11440 | Lair:4   | Found a runed translucent door.
 11440 | Lair:4   | Found a viscous altar of Jiyva.
 11441 | Lair:4   | Found a staircase to the Slime Pits.
 11566 | Lair:4   | Reached skill level 16 in Polearms
 11779 | Lair:4   | You fall into a shaft and drop 1 floor!
 11779 | Lair:5   | Entered Level 5 of the Lair of Beasts
 11869 | Lair:5   | Reached skill level 5 in Dodging
 12158 | Lair:5   | Received a gift from Okawaru
 12550 | Lair:5   | Noticed a fire dragon
 12559 | Lair:5   | Killed a fire dragon
 13215 | D:9      | Noticed Psyche
 13231 | D:9      | Reached XP level 14. HP: 96/110 MP: 13/20
 13233 | D:9      | Killed Psyche
 13298 | D:9      | Noticed Maurice
 13309 | D:9      | Killed Maurice
 13413 | D:9      | Found an ornate altar of the Wu Jian Council.
 13514 | D:9      | Found an iron altar of Okawaru.
 13756 | D:10     | Entered Level 10 of the Dungeon
 13901 | D:10     | Identified the +1 steam dragon scales of Dyspraxia {Str+2}
                  | (Okawaru gifted it to you on level 10 of the Dungeon)
 13901 | D:10     | Received a gift from Okawaru
 14214 | D:10     | Found a shimmering blue altar of Sif Muna.
 14856 | D:11     | Noticed Josephine
 14864 | D:11     | Killed Josephine
 15427 | D:12     | Reached skill level 10 in Dodging
 15482 | D:12     | Reached skill level 1 in Armour
 15952 | D:12     | Found a staircase to the Orcish Mines.
 16615 | D:13     | Found a frozen archway.
 16624 | IceCv    | Entered an ice cave
 16659 | IceCv    | Found the +2 Maxwell's thermic engine {flame, freeze}
 16912 | IceCv    | Noticed a quicksilver ooze
 16983 | IceCv    | Reached skill level 5 in Armour
 17002 | IceCv    | Found a viscous altar of Jiyva.
 17002 | IceCv    | Noticed an azure jelly
 17016 | IceCv    | Killed an azure jelly
 17020 | IceCv    | Killed a quicksilver ooze
 17054 | IceCv    | Noticed a quicksilver ooze
 17068 | IceCv    | Killed a quicksilver ooze
 17272 | IceCv    | Identified the ring "Cetzeele" {Fly rElec Str+4 Dex+7
                  | Stlth+}
 17675 | D:13     | Noticed Rupert
 17679 | D:13     | HP: 2/110 [Rupert/+0 triple sword of holy wrath (47)]
 17680 | D:13     | Slain by Rupert

Illustrated notes

Levels and vault maps discovered:
D:1:      dpeg_arrival_castle, layout_loops_ring,
          dreamdust_ecumenical_altar_angels_and_demons
D:2:      layout_loops_ring, basic_altar, st_stairs_6, minmay_split_cup_large
D:3:      layout_basic, nicolae_gozag_seed_capital, uniq_robin, uniq_grinder
D:4:      layout_basic, nemelex_xobeh_ov_fountains_minmay, serial_shops,
          kennysheep_mini_moat, minmay_tree_intersection
D:5:      layout_loops_ring, uniq_pikel, uniq_sigmund
D:6:      layout_gridville, st_stairs_6, kennysheep_generic_room_4
D:7:      layout_cave_pools, temple_fountains, enter_ossuary_1, uniq_joseph,
          uniq_crazy_yiuf_cottage
D:8:      minmay_general_purpose_star, layout_layer_cave, serial_shops,
          nicolae_shop_behind_doors, serial_bayou_pond_c
D:9:      layout_cross, mainiacjoe_overflow_alcove_4, okawaru_humans,
          uniq_maurice, uniq_psyche
D:10:     layout_loops_cross, amcnicky_altar_gilded
D:11:     layout_irregular_city, uniq_josephine
D:12:     layout_stronghold, orc_0_dummy
D:13:     layout_layer_cave, portal_ice_cave_entry_pillars_2, minivault_13,
          uniq_rupert
Temple:   hellmonk_temple_divided_pantheon
Lair:1:   layout_regular_city, lightli_volcano_entry_magma_tube,
          minmay_hedge_maze, uniq_gastronok, uniq_harold, uniq_grum
Lair:2:   layout_cave_pods, nicolae_quartered_pool_impasse
Lair:3:   layout_chaotic_city, shoals_dummy_entry, guppyfry_snake_entry_island
Lair:4:   lemuel_slime, layout_cave_pods, slime_entry_2,
          hellmonk_guarded_unrand_vines, lemuel_fruit_tree, grunt_megastairs_2
Lair:5:   hangedman_lair_in_review, layout_loops_ring, guppyfry_lair_end_dragon,
          serial_bayou_shore_b

Skill      XL: |  1  2  3  4  5  6  7  8  9 10 11 12 13 14 |
---------------+-------------------------------------------+-----
Fighting       | 4 5 7 8 10 | 10.0
Invocations    | 1 3 6 8 |  8.0
Polearms       | 3 5 7 10 12 15 16 | 16.0
Dodging        | 8 10 | 10.0
Armour         | 7 |  7.4
Stealth        | |  1.5

Action                   |  1- 3 |  4- 6 |  7- 9 | 10-12 | 13-15 || total
-------------------------+-------+-------+-------+-------+-------++-------
Melee: Spear             |   138 |       |       |       |       ||   138
       Punch             |     4 |     2 |       |       |       ||     6
       Scimitar          |    22 |    90 |       |       |       ||   112
       Quarterstaff      |       |    27 |     2 |       |       ||    29
       Halberd           |       |       |   247 |   430 |   580 ||  1257
       Bardiche          |       |       |       |       |   339 ||   339
 Fire: Shortbow          |       |       |     5 |       |       ||     5
Throw: Dart              |       |    12 |    21 |    13 |       ||    46
Invok: Heroism           |       |     5 |     6 |    20 |    30 ||    61
       Finesse           |       |       |       |     7 |     7 ||    14
Evoke: Wand              |       |     4 |     8 |     6 |     4 ||    22
  Use: Scroll            |       |     9 |     9 |    12 |     8 ||    38
 Stab: Sleeping          |     9 |       |       |       |       ||     9
Armor: Robe              |     7 |       |       |       |       ||     7
       Leather armour    |    32 |    12 |       |       |       ||    44
       Scale mail        |       |    19 |       |       |       ||    19
       Chain mail        |       |       |    27 |       |       ||    27
       Plate armour      |       |       |   153 |   172 |   486 ||   811
Dodge: Dodged            |    95 |    67 |    96 |   100 |   304 ||   662
Block: Other             |       |    24 |    54 |    51 |   167 ||   296
       Reflection        |       |       |     3 |     1 |     4 ||     8

Table legend: (Time is in decaauts)
 A = Elapsed time spent in this place.
 B = Non-inter-level travel time spent in this place.
 C = Inter-level travel time spent in this place.
 D = Time resting spent in this place.
 E = Time spent auto-exploring this place.
 F = Levels seen in this place.
 G = Mean time per level.
                   A        B        C        D        E       F      G
               +--------+--------+--------+--------+--------+-----+--------+
         Total |  17411 |  16256 |   1155 |    562 |  12070 |  22 |  791.4 |
       Dungeon |  11277 |  10424 |    853 |    393 |   8049 |  13 |  867.5 |
        Temple |     33 |     16 |     17 |      0 |      6 |   1 |   33.0 |
          Lair |   5084 |   4799 |    285 |    101 |   3638 |   5 | 1016.8 |
       Ossuary |    183 |    183 |      0 |      0 |     53 |   1 |  183.0 |
      Ice Cave |    695 |    695 |      0 |     68 |    249 |   1 |  695.0 |
       Volcano |    137 |    137 |      0 |      0 |     75 |   1 |  137.0 |
               +--------+--------+--------+--------+--------+-----+--------+

Top non-repeatable levels by time:
     D:3: 1210 daAuts
     D:8: 1160 daAuts
  Lair:5: 1146 daAuts
     D:5: 1142 daAuts
  Lair:1: 1114 daAuts
    D:12: 1080 daAuts
  Lair:2: 1064 daAuts
     D:1: 1062 daAuts
     D:2: 1032 daAuts
  Lair:4: 913 daAuts
     D:4: 871 daAuts
  Lair:3: 844 daAuts
    D:10: 830 daAuts
    D:11: 811 daAuts
   IceCv: 695 daAuts
